 Dungeon Crawl Stone Soup version 0.19.1-1-g22dce08 (webtiles) character file.

108 Gargoyl the Skirmisher (level 4, -20/40 HPs)
             Began as a Ghoul Abyssal Knight on Jan 2, 2017.
             Was a Believer of Lugonu.
             Demolished by an ogre
             ... wielding a +0 giant club
              (23 damage)
             ... on level 3 of the Dungeon.
             The game lasted 00:08:08 (2541 turns).

Gargoyl the Skirmisher (Ghoul Abyssal Knight)       Turns: 2541, Time: 00:08:09

Health: -20/40     AC: 11    Str: 15    XL:     4   Next: 87%
Magic:  5/5        EV:  1    Int:  7    God:    Lugonu [**....]
Gold:   230        SH:  7    Dex:  9    Spells: 0 memorised, 3 levels left

rFire  . . .     SeeInvis .     a - +1 hand axe
rCold  + . .     Gourm    .     f - +0 plate armour
rNeg   + + +     Faith    .     k - +0 shield
rPois  ∞         Spirit   .     (no helmet)
rElec  .         Reflect  .     (no cloak)
rCorr  .         Harm     .     (no gloves)
MR     .....                    (no boots)
Stlth  ..........               (no amulet)
                                (no ring)
                                (no ring)

@: rotting
A: rotting body, claws 1, carnivore 3, cold resistance 1, negative energy
resistance 3, slow regeneration 1, torment resistance, unbreathing
a: Depart the Abyss, Bend Space, Renounce Religion


You were on level 3 of the Dungeon.
You worshipped Lugonu.
Lugonu was pleased with you.
You were not hungry.

You visited 1 branch of the dungeon, and saw 4 of its levels.
You visited the Abyss 1 time.

You collected 230 gold pieces.

Inventory:

Hand Weapons
 a - a +1 hand axe (weapon)
Armour
 f - a +0 plate armour (worn)
 k - a +0 shield (worn)
Scrolls
 d - 2 scrolls of amnesia {unknown}
 e - a scroll of teleportation
 m - 2 scrolls of magic mapping {unknown}
 n - 2 scrolls of noise {unknown}
 o - a scroll of identify
Potions
 g - a potion of invisibility {unknown}
 i - a potion of mutation {unknown}
 j - 2 potions of heal wounds
 l - a potion of cancellation {unknown}
Comestibles
 b - a slice of pizza
 c - 5 meat rations
 h - 2 chunks of flesh


   Skills:
 + Level 3.7 Fighting
 + Level 2.8 Axes
 * Level 2.6 Armour
 + Level 0.8 Dodging
 + Level 0.5 Shields
 * Level 3.0 Invocations


You had 3 spell levels left.
You didn't know any spells.

Dungeon Overview and Level Annotations

Branches:
Dungeon (4/15)
 Temple: D:4-7

Altars:
Cheibriados
Makhleb
Zin

Annotations:
D:4 sheala's ghost, amateur DEEn


Innate Abilities, Weirdness & Mutations

Your body is rotting away.
You thrive on raw meat.
You are immune to poison.
You have sharp fingernails.
You are carnivorous and can eat meat at any time.
Your flesh is cold resistant. (rC+)
You are immune to negative energy. (rN+++)
You regenerate slowly when monsters are visible.
You are immune to unholy pain and torment.
You can survive without breathing.


Message History

The ogre hits you with a giant club. You block sheala's ghost's attack.
You climb upwards.
There is a stone staircase leading down here.
You feel much better. You block the ogre's attack.
You hit the ogre.
The ogre is moderately wounded.
The ogre completely misses you.
You slash the ogre!
The ogre is heavily wounded.
The ogre hits you with a giant club!!
Ouch! That really hurt!
You hit the ogre.
The ogre is heavily wounded.
The ogre hits you with a giant club!
* * * LOW HITPOINT WARNING * * *
You closely miss the ogre.
The ogre is heavily wounded.
The ogre hits you with a giant club!!
Ouch! That really hurt!
You die...

#.# #.###########
####...........#
##.#.#.#.######.# #.........# #.#
#######.......## #.#
#..............# #.#
#.....#.......## #.#
#....^..O@.....# #.#
#.....#.......######.#####
#..............#...#......
########.....#.#.#.#.##.#.#######
.....................##.#......##
########..........#####.######...
# #####..........## #.#........ #
#.............).# #.######.## #
#............(..####.# #.#


You could see an ogre.

Vanquished Creatures
  3 adders
  An ooze (D:2)
  2 worms (D:3)
  2 dart slugs
  5 leopard geckos
  An orc (D:3)
  A giant cockroach (D:3)
  4 goblins
  8 hobgoblins
  2 jackals (D:1)
  14 kobolds
  3 ball pythons
  8 bats
  2 frilled lizards (D:2)
  5 rats
61 creatures vanquished.

Notes
Turn   | Place    | Note
-------+----------+-------------------------------------------
     0 | Abyss:1  | Gargoyl the Ghoul Abyssal Knight began the quest for the Orb.
     0 | Abyss:1  | Reached XP level 1. HP: 19/19 MP: 1/1
    82 | Abyss:2  | Noticed a small abomination
   144 | Abyss:3  | Noticed a Hell Sentinel
   145 | D:1      | Escaped the Abyss
   190 | D:1      | Reached * piety under Lugonu
   337 | D:1      | Reached XP level 2. HP: 26/26 MP: 2/2
  1143 | D:2      | Reached XP level 3. HP: 30/31 MP: 3/3
  1487 | D:2      | Reached XP level 4. HP: 40/40 MP: 4/4
  1589 | D:3      | Reached ** piety under Lugonu
  1987 | D:3      | Found a snail-covered altar of Cheibriados.
  2434 | D:4      | Found a burning altar of Makhleb.
  2441 | D:4      | Noticed an ogre
  2454 | D:4      | Noticed sheala's ghost (amateur DEEn)
  2461 | D:4      | Found a glowing silver altar of Zin.
  2461 | D:4      | Noticed a balrug
  2461 | D:4      | Noticed an angel
  2541 | D:3      | Demolished by an ogre

Skill      XL: |  1  2  3  4 |
---------------+-------------+-----
Axes           | 2 |  2.8
Armour         | 2 |  2.6
Invocations    | 3 |  3.0
Fighting       | |  3.7
Dodging        | |  0.8
Shields        | |  0.5

Action                   |  1- 3 |  4- 6 || total
-------------------------+-------+-------++-------
Melee: Hand axe          |   115 |   102 ||   217
Invok: Depart the Abyss  |     1 |       ||     1
  Use: Scroll            |     3 |       ||     3
       Potion            |       |     2 ||     2
  Eat: Chunk             |    13 |    12 ||    25
Armor: Plate armour      |   118 |    90 ||   208
Dodge: Dodged            |    13 |     3 ||    16
Block: Shield            |    45 |    38 ||    83
